 Dungeon Crawl Stone Soup version 0.21.1-1-g345015f (webtiles) character file.

204 Kairos the Cudgeler (level 6, -7/48 HPs)
             Began as a Human Monk on Mar 26, 2018.
             Killed from afar by Kairos's ghost (9 damage)
             ... with a zap
             ... on level 3 of the Dungeon.
             The game lasted 00:05:31 (2765 turns).

Kairos the Cudgeler (Human Monk)                    Turns: 2765, Time: 00:05:32

Health: -7/48      AC:  7    Str: 16    XL:     6   Next: 9%
Magic:  6/6        EV: 13    Int: 10    God:
Gold:   216        SH:  0    Dex: 16    Spells: 5/5 levels left

rFire    + . .     SeeInvis +   s - +3 flail
rCold    . . .     Gourm    .   (no shield)
rNeg     . . .     Faith    .   t - +2 ring mail {rF+}
rPois    .         Spirit   .   l - +0 helmet
rElec    .         Reflect  .   (no cloak)
rCorr    .         Harm     .   (no gloves)
MR       +....     Rnd*Rage +   (no boots)
Stlth    ++........             (no amulet)
HPRegen  0.16/turn              d - +3 ring of strength
MPRegen  0.10/turn              p - ring of see invisible

@: lethally poisoned (-7 -> -9)
A: slimy green scales 1, berserk 1, deformed body, magic resistance 1
a: no special abilities


You were on level 3 of the Dungeon.
You were hungry.

You visited 1 branch of the dungeon, and saw 3 of its levels.

You collected 216 gold pieces.

Inventory:

Hand Weapons
 a - a +0 mace
 s - a +3 flail (weapon)
Armour
 l - a +0 helmet (worn)
 t - a +2 ring mail of fire resistance (worn)
Jewellery
 d - a +3 ring of strength (left hand)
 p - a ring of see invisible (right hand)
Scrolls
 e - 3 scrolls of amnesia {unknown}
 i - 2 scrolls of fog {unknown}
 k - 2 scrolls of identify {unknown}
 n - a scroll of teleportation {unknown}
 o - a scroll of remove curse {unknown}
 q - a scroll of enchant armour {unknown}
Potions
 j - a potion of curing {unknown}
 m - a potion of magic {unknown}
Comestibles
 c - 7 rations
 r - 3 chunks of flesh


   Skills:
 + Level 3.7 Fighting
 + Level 4.9 Maces & Flails
 + Level 1.4 Armour
 + Level 3.8 Dodging
 + Level 2.2 Stealth


You had 5 spell levels left.
You didn't know any spells.

Dungeon Overview and Level Annotations

Branches:
Dungeon (3/15)

Altars:
Elyvilon
Zin
The Shining One

Annotations:
D:3 Kairos's ghost, amateur HuAE


Innate Abilities, Weirdness & Mutations

You are partially covered in slimy green scales. (AC +2)
You tend to lose your temper in combat.
Armour fits poorly on your strangely shaped body.
You are resistant to hostile enchantments. (MR+)


Message History

You feel sick.
Kairos's ghost points at you and mumbles some strange words.
The zap hits you!
* * * LOW HITPOINT WARNING * * *
You barely miss Kairos's ghost.
Kairos's ghost is heavily damaged.
Kairos's ghost hits you but does no damage.
Kairos's ghost points at you and mumbles some strange words.
The zap hits you!
* * * LOW HITPOINT WARNING * * *
It was a potion of mutation.
You feel extremely strange.
Your body twists and deforms.
Slimy green scales grow over part of your body.
You feel a little pissed off.
You feel resistant to hostile enchantments.
* * * LOW HITPOINT WARNING * * *
You feel sick. Kairos's ghost casts a spell at you. The zap hits you!
You die...

########## #. #........#
#. #........# #.
#+####+##..$.....# #.
.................# ######.
.........#'####### #......
..........o......##
#......
.........#W#####..#
#......
###+#...#@######.###......
#...†###.........##......
#####....#
#.........##......
#.......†#
#..........)...†..
#.###..).#
##........)#......
#.....[###
#.........†###### ##....)#
#........#.## #......
.........#..# #.(..###
###......##.#


You could see an orc wizard (invisible) and Kairos's ghost.

Vanquished Creatures
  2 orc priests (D:3)
  6 adders
  2 worms
  2 dart slugs (D:1)
  2 leopard geckos (D:1)
  8 orcs
  5 giant cockroaches
  9 goblins
  6 hobgoblins
  3 jackals (D:3)
  A quokka (D:3)
  A ball python (D:3)
  7 bats
  4 frilled lizards
  5 kobolds
  14 rats
77 creatures vanquished.

Notes
Turn   | Place    | Note
-------+----------+-------------------------------------------
     0 | D:1      | Kairos the Human Monk began the quest for the Orb.
     0 | D:1      | Reached XP level 1. HP: 18/18 MP: 1/1
    97 | D:1      | Reached XP level 2. HP: 22/24 MP: 2/2
   352 | D:1      | Reached XP level 3. HP: 20/29 MP: 3/3
   758 | D:2      | Found a glowing silver altar of Zin.
   758 | D:2      | Found a glowing golden altar of the Shining One.
   761 | D:2      | Found a white marble altar of Elyvilon.
   960 | D:2      | Reached XP level 4. HP: 18/35 MP: 4/4
   969 | D:2      | Reached skill level 4 in Maces & Flails
  1298 | D:2      | Found a faded altar of an unknown god.
  1801 | D:2      | Reached XP level 5. HP: 40/41 MP: 5/5
  2368 | D:3      | Reached skill level 1 in Armour
  2617 | D:3      | Reached XP level 6. HP: 21/48 MP: 6/6
  2731 | D:3      | Noticed Kairos's ghost (amateur HuAE)
  2765 | D:3      | Gained mutation: Armour fits poorly on your strangely shaped body. [potion of mutation]
  2765 | D:3      | Gained mutation: You are partially covered in slimy green scales. (AC +2) [potion of mutation]
  2765 | D:3      | Gained mutation: You tend to lose your temper in combat. [potion of mutation]
  2765 | D:3      | Gained mutation: You are resistant to hostile enchantments. (MR+) [potion of mutation]
  2765 | D:3      | HP: 2/48 [poisoned by an orc wizard]
  2765 | D:3      | Killed from afar by Kairos's ghost

Skill      XL: |  1  2  3  4  5 |
---------------+----------------+-----
Maces & Flails | 4 |  4.9
Armour         | 1 |  1.4
Fighting       | |  3.7
Dodging        | |  3.8
Stealth        | |  2.2

Action                   |  1- 3 |  4- 6 || total
-------------------------+-------+-------++-------
Melee: Mace              |   162 |   142 ||   304
       Flail             |       |    32 ||    32
  Use: Potion            |       |     3 ||     3
 Stab: Sleeping          |     2 |     1 ||     3
  Eat: Chunk             |       |     6 ||     6
Armor: Robe              |     5 |       ||     5
       Ring mail         |    61 |    67 ||   128
       Scale mail        |       |     2 ||     2
Dodge: Dodged            |   132 |   152 ||   284
